 Dungeon Crawl Stone Soup version 0.21.1-1-g345015f (webtiles) character file.

1349 vatarom the Sneak (level 8, -2/48 HPs)
             Began as a Kobold Chaos Knight on May 31, 2018.
             Slain by a small abomination (17 damage)
             ... summoned by the capriciousness of Xom
             ... on level 5 of the Dungeon.
             The game lasted 00:11:09 (8013 turns).

vatarom the Sneak (Kobold Chaos Knight)             Turns: 8013, Time: 00:11:10

Health: -2/48      AC:  5    Str: 11    XL:     8   Next: 94%
Magic:  8/8        EV: 15    Int: 15    God:    Xom [...*..]
Gold:   267        SH:  0    Dex: 15    Spells: 7/7 levels left

rFire    . . .     SeeInvis .   a - +0 short sword (chaos)
rCold    . . .     Gourm    .   (shield restricted)
rNeg     . . .     Faith    .   b - +2 leather armour
rPois    .         Spirit   .   (no helmet)
rElec    .         Reflect  .   (no cloak)
rCorr    .         Harm     .   (no gloves)
MR       .....                  (no boots)
Stlth    +++.......             (no amulet)
HPRegen  0.16/turn              (no ring)
MPRegen  0.11/turn              (no ring)

@: no status effects
A: small, carnivore, clever 1, MP-powered wands
a: Renounce Religion


You were on level 5 of the Dungeon.
You worshipped Xom.
You were a favourite toy of Xom.
You were completely stuffed.

You visited 1 branch of the dungeon, and saw 5 of its levels.
You also visited: Sewer.

You collected 267 gold pieces.

Inventory:

Hand Weapons
 a - a +0 short sword of chaos (weapon)
Armour
 b - a +2 leather armour (worn)
 i - a cursed +0 helmet
Jewellery
 q - an uncursed amulet of rage
Wands
 t - a wand of random effects (30)
Scrolls
 d - 2 scrolls of blinking {@r4}
 f - 2 scrolls of remove curse {unknown}
 o - 4 scrolls of teleportation {@r3}
 p - a scroll of amnesia {unknown}
 r - 2 scrolls of random uselessness {unknown}
 s - a scroll of identify {@r1}
 v - a scroll of magic mapping {unknown}
Potions
 e - 3 potions of heal wounds {@q2}
 g - 3 potions of mutation
 h - a potion of haste {unknown}
 j - a potion of berserk rage
 k - 4 potions of might {@q4}
 l - a potion of magic {unknown}
 m - a potion of agility {@q5}
 n - a potion of brilliance {@q6}
Books
 w - a book of Necromancy

   Spells                             Type                      Level
   a - Pain                           Necromancy                   1
   b - Animate Skeleton               Necromancy                   1
   c - Vampiric Draining              Necromancy                   3
   d - Regeneration                   Charms/Necromancy            3
   e - Animate Dead                   Necromancy                   4
   f - Borgnjor's Vile Clutch         Necromancy/Earth             5
Comestibles
 c - 12 rations {@e1}
 u - a chunk of flesh


   Skills:
 + Level 4.3 Fighting
 - Level 7.0 Short Blades
 - Level 6.0 Armour
 * Level 2.7 Dodging
 + Level 7.1 Stealth


You had 7 spell levels left.
You didn't know any spells.

Dungeon Overview and Level Annotations

Branches:
Dungeon (5/15)
 Temple: D:4-7

Altars:
Gozag
Nemelex Xobeh
Sif Muna
Xom
Zin
The Shining One


Innate Abilities, Weirdness & Mutations

You are small and have problems with some larger weapons.
You are carnivorous and can eat meat at any time.
Your mind is acute. (Int +2)
You expend magic power (3 MP) to strengthen your wands.


Message History

You hit the iguana.
The iguana is severely wounded.
The iguana hisses menacingly.
The iguana barely misses you.
You hit the iguana but do no damage.
Space warps horribly around the iguana!
You kill the iguana!
No target in view!
No target in view!
Xom's attention turns to you for a moment.
A chorus of moans calls out to you!
You are now a favourite toy of Xom.
There are monsters nearby!
Unknown command.
The small abomination hits you!
You hit the small abomination but do no damage.
The small abomination hits you!
You barely miss the small abomination. The small abomination hits you.
* * * LOW HITPOINT WARNING * * *
The small abomination hits you!
You die...

#....##.####...#####...
#.... #.# ###..# ##.#
#.... #.# #.####..#
#.... #.# ###..##..##
#######.# #.......###
#..# #..........
#x#########.._.##. #x#
#..........## #@#
#....(.(....# #.#
#.(..<....#.# #.#
#.........#.# #.#
#(........#..
#.####...###### ..
#.##...### . #.##.### #
#....### ###....#


You could see 2 small abominations.

Vanquished Creatures
  The ghost of TheDeathLetter the Ruffian, a novice TrMo (D:5)
  2 ogres
  A centaur (D:5)
  A big kobold (Sewer)
  A howler monkey (Sewer)
  The ghost of dscm the Digger, a weakling OpEE (D:3)
  A centaur zombie (D:5)
  A quasit (D:4)
  A bullfrog skeleton (D:4)
  A hound (D:4)
  An iguana (D:5)
  Ijyb (D:4)
  3 orc wizards
  3 worker ants (D:4)
  Robin (D:4)
  A howler monkey zombie (D:4)
  A worker ant zombie (D:5)
  A gnoll (shapeshifter) (D:4)
  2 river rats (Sewer)
  8 adders
  2 oozes
  6 worms
  2 dart slugs
  6 leopard geckos
  15 orcs
  7 ball pythons
  5 bats
  3 giant cockroaches
  17 goblins
  7 hobgoblins
  13 jackals
  15 kobolds
  A quokka (D:3)
  4 frilled lizards
  A leopard gecko skeleton (D:4)
  A rat (shapeshifter) (D:3)
  4 rats
142 creatures vanquished.

Notes
Turn   | Place    | Note
-------+----------+-------------------------------------------
     0 | D:1      | vatarom the Kobold Chaos Knight began the quest for the Orb.
     0 | D:1      | Reached XP level 1. HP: 14/14 MP: 1/1
    77 | D:1      | Reached skill level 1 in Armour
    77 | D:1      | Reached skill level 1 in Stealth
    77 | D:1      | Reached XP level 2. HP: 6/19 MP: 2/2
   329 | D:1      | XOM: mild Fire miscast
   389 | D:1      | XOM: divination: magic mapping
   619 | D:1      | XOM: mild Ice miscast
   636 | D:1      | Reached XP level 3. HP: 20/23 MP: 3/3
   959 | D:1      | XOM: cloud trail
   989 | D:1      | XOM: scenery: create altars
  1216 | D:2      | Found a glowing silver altar of Zin.
  1217 | D:2      | Found an opulent altar of Gozag.
  1376 | D:2      | XOM: scenery: create altars
  1391 | D:2      | Reached XP level 4. HP: 27/28 MP: 4/4
  1534 | D:2      | XOM: noise
  1603 | D:2      | XOM: harmless Necr miscast
  1849 | D:2      | XOM: harmless Hex miscast
  2395 | D:3      | Noticed an ogre
  2398 | D:3      | XOM: smoke on damage
  2425 | D:3      | XOM: enchant monster (good)
  2435 | D:3      | Killed an ogre
  2435 | D:3      | Reached skill level 5 in Short Blades
  2435 | D:3      | Reached XP level 5. HP: 9/32 MP: 5/5
  2443 | D:3      | XOM: silly message
  2456 | D:3      | XOM: mild Tmut miscast
  2625 | D:3      | XOM: harmless Tloc miscast
  2759 | D:3      | XOM: 1-stop teleportation journey
  2760 | D:3      | Noticed dscm's ghost (weakling OpEE)
  2763 | D:3      | XOM: enchant monster (good)
  2766 | D:3      | Killed dscm's ghost
  2766 | D:3      | Reached XP level 6. HP: 37/37 MP: 6/6
  3057 | D:3      | XOM: divination: detect items
  3401 | D:3      | Found a glowing golden altar of the Shining One.
  3401 | D:3      | Found a deep blue altar of Sif Muna.
  3410 | D:3      | Found a sparkling altar of Nemelex Xobeh.
  3412 | D:3      | Found a faded altar of an unknown god.
  3413 | D:3      | Found a shimmering altar of Xom.
  3481 | D:3      | XOM: mild Tmut miscast
  3487 | D:3      | XOM: scenery: 2 doors close
  4176 | D:4      | Found a glowing drain.
  4198 | Sewer    | Entered a sewer
  4368 | Sewer    | Reached XP level 7. HP: 30/41 MP: 7/7
  4379 | Sewer    | Gained mutation: You expend magic power (3 MP) to strengthen your wands. [potion of mutation]
  4379 | Sewer    | Gained mutation: Your mind is acute. (Int +2) [potion of mutation]
  4391 | Sewer    | HP: 3/61 [river rat (3)]
  4815 | Sewer    | Reached skill level 5 in Stealth
  4978 | D:4      | XOM: mild Chrm miscast
  5068 | D:4      | XOM: swap monsters
  5069 | D:4      | XOM: torment (14/41 hp)
  5100 | D:4      | XOM: summons 2 hostile demons
  5101 | D:4      | Noticed a chaos spawn
  5128 | D:4      | HP: 2/41 [chaos spawn[Xom] (8)]
  5216 | D:3      | XOM: summons 2 hostile shadow creatures
  5336 | D:3      | XOM: torment (16/41 hp)
  5667 | D:4      | Noticed Robin
  5669 | D:4      | XOM: polymorph goblin -> adder
  5698 | D:4      | XOM: noise
  5700 | D:4      | Noticed Ijyb
  5710 | D:4      | XOM: 1-stop teleportation journey
  6538 | D:4      | XOM: mild Erth miscast
  6570 | D:4      | XOM: harmless Ice miscast
  6578 | D:4      | Killed Robin
  6724 | D:4      | XOM: summons 1 hostile shadow creature
  6793 | D:4      | Killed Ijyb
  6793 | D:4      | Reached XP level 8. HP: 11/46 MP: 8/8
  7013 | D:4      | XOM: 9-stop teleportation journey
  7207 | D:5      | Entered Level 5 of the Dungeon
  7422 | D:5      | XOM: scenery: create altars
  7432 | D:5      | Reached skill level 5 in Armour
  7448 | D:5      | Noticed TheDeathLetter's ghost (novice TrMo)
  7686 | D:5      | Killed TheDeathLetter's ghost
  8000 | D:5      | XOM: medium Summ miscast
  8013 | D:5      | Slain by a small abomination

Skill      XL: |  1  2  3  4  5  6  7  8 |
---------------+-------------------------+-----
Armour         | 1 2 3 4 6 |  6.0
Stealth        | 1 2 3 4 5 7 |  7.1
Short Blades   | 5 6 7 |  7.0
Fighting       | 4 |  4.3
Dodging        | |  2.7

Action                   |  1- 3 |  4- 6 |  7- 9 || total
-------------------------+-------+-------+-------++-------
Melee: Short sword       |   105 |   221 |   416 ||   742
  Use: Scroll            |       |     4 |     6 ||    10
       Potion            |       |       |    10 ||    10
 Stab: Sleeping          |     2 |     8 |     5 ||    15
       Petrified         |       |     6 |       ||     6
       Paralysed         |       |     1 |     2 ||     3
       Confused          |       |       |     4 ||     4
  Eat: Chunk             |    10 |     9 |    13 ||    32
Armor: Leather armour    |    48 |    40 |    80 ||   168
       Skin              |       |       |    54 ||    54
Dodge: Dodged            |    65 |   125 |   206 ||   396
